 Dungeon Crawl Stone Soup version 0.17-a0-1769-g54adf96 (console) character file.

32 Illiel the Shooter (level 3, 0/23 HPs)
             Began as a High Elf Arcane Marksman on Sept 7, 2015.
             Slain by an adder (5 damage)
             ... on level 2 of the Dungeon.
             The game lasted 00:03:01 (982 turns).

Illiel the Shooter (High Elf Arcane Marksman)        Turns: 982, Time: 00:03:01

Health: 0/23       AC:  2    Str: 10    XL:     3   Next: 10%
Magic:  6/6        EV: 13    Int: 16    God:
Gold:   47         SH:  0    Dex: 16    Spells: 2 memorised, 1 level left

rFire  . . .     SeeInvis .     a - +0 shortbow
rCold  . . .     Clarity  .     c - +0 robe
rNeg   . . .     SustAt   .     (no shield)
rPois  .         Gourm    .     (no helmet)
rElec  .         Spirit   .     (no cloak)
rCorr  .         Warding  .     (no gloves)
rMut   .         Stasis   .     (no boots)
MR     .....                    (no amulet)
Stlth  ++........               (no ring)
                                (no ring)

@: lethally poisoned (0 -> -7), not resistant to hostile enchantments,
unstealthy
A: no striking features
a: no special abilities


You were on level 2 of the Dungeon.
You were not hungry.

You visited 1 branch of the dungeon, and saw 2 of its levels.

You collected 47 gold pieces.

Inventory:

Hand weapons
 a - a +0 shortbow (weapon)
Missiles
 b - 37 arrows (quivered)
Armour
 c - a +0 robe (worn)
Jewellery
 p - an uncursed ring of fire
Scrolls
 g - 2 scrolls of recharging {unknown}
 j - 3 scrolls of identify {unknown}
 k - a scroll of enchant weapon {unknown}
 l - a scroll of teleportation {unknown}
Potions
 f - a potion of agility {unknown}
 i - a potion of haste {unknown}
 m - a potion of flight {unknown}
 n - a potion of curing {unknown}
 q - a potion of might {unknown}
Books
 d - a book of Debilitation

   Spells                             Type                      Level
   a - Corona                         Hexes                        1
   b - Slow                           Hexes                        2
   c - Gell's Gravitas                Hexes/Translocation          3
   d - Inner Flame                    Hexes/Fire                   3
   e - Cause Fear                     Hexes                        4
   f - Leda's Liquefaction            Hexes/Earth                  4
Comestibles
 e - a bread ration
 h - a meat ration


   Skills:
 - Level 1.2 Fighting
 * Level 3.4 Bows
 - Level 1.1 Armour
 - Level 2.5 Dodging
 - Level 0.8 Stealth
 - Level 1.4 Spellcasting
 - Level 3.0 Hexes


You had one spell level left.
You knew the following spells:

 Your Spells              Type           Power        Failure   Level  Hunger
a - Corona                Hex            ##.....      10%         1    ##.....
b - Slow                  Hex            ##......     12%         2    ###....


Dungeon Overview and Level Annotations

Branches:
Dungeon (2/15)

Altars:
Nemelex Xobeh


Message History

Aim: an adder (severely wounded)
You shoot an arrow. The arrow misses the adder.
The hobgoblin barely misses you. The adder bites you.
You are more poisoned.
The adder poisons you!
Firing (i - inventory):
b - 39 arrows (quivered)
Press: ? - help, Shift-Dir - straight line, f/p - adder
Aim: an adder (severely wounded)
You shoot an arrow. The arrow barely misses the adder.
The adder bites you.
* * * LOW HITPOINT WARNING * * *
The hobgoblin hits you but does no damage.
You are too injured to fight recklessly!
Firing (i - inventory):
b - 38 arrows (quivered)
Press: ? - help, Shift-Dir - straight line, f/p - adder
Aim: an adder (severely wounded)
You shoot an arrow. The arrow misses the adder.
* * * LOW HITPOINT WARNING * * *
You feel sick. The adder bites you but does no damage.
The hobgoblin barely misses you. The adder bites you.
You die... ▒∙ ∙▒ ▒∙ ∙▒ ▒∙▒▒ ∙▒ ▒ ▒▒▒▒∙∙▒▒▒∙▒▒∙▒ (∙∙∙∙∙∙∙∙∙∙∙∙

∙∙∙∙∙∙∙∙∙∙▒▒∙∙▒
▒∙∙g@S∙∙∙∙∙<
▒∙∙∙∙▒▒(▒▒▒∙▒▒ ▒
▒∙∙∙∙▒▒∙ ∙∙ ▒∙ ▒∙∙∙∙▒
S▒▒▒∙
▒▒▒▒∙▒▒▒▒▒▒[∙∙∙▒ ∙∙∙
∙∙∙∙∙∙∙∙∙∙∙∙∙∙▒ ▒∙▒
▒▒▒∙▒∙∙∙▒▒∙∙∙▒∙▒ ▒∙▒
∙∙∙∙∙∙∙∙∙▒∙▒∙▒∙▒▒▒▒∙▒
[∙∙∙∙∙∙∙∙∙∙▒∙∙∙∙∙∙∙<▒
▒▒∙∙∙∙∙∙∙▒∙∙∙∙▒▒▒▒▒
▒▒∙∙∙▒▒▒▒▒▒▒∙▒
▒▒∙∙∙∙∙▒∙∙∙∙▒
▒▒▒▒∙∙▒∙∙∙▒▒▒▒
▒∙∙▒∙∙∙∙∙∙▒
▒∙∙∙∙∙∙∙▒∙▒
▒∙▒▒∙▒∙∙∙∙▒
▒∙▒∙▒▒▒∙▒∙▒


You could see an adder and a hobgoblin.

Vanquished Creatures
  2 oozes
  A ball python (D:1)
  A giant cockroach (D:1)
  4 hobgoblins (D:1)
  4 kobolds (D:1)
  5 bats (D:1)
  3 goblins (D:1)
  4 rats
24 creatures vanquished.

Notes
Turn   | Place    | Note
--------------------------------------------------------------
     0 | D:1      | Illiel the High Elf Arcane Marksman began the quest for the Orb.
     0 | D:1      | Reached XP level 1. HP: 13/13 MP: 3/3
   130 | D:1      | Reached XP level 2. HP: 18/18 MP: 5/5
   653 | D:1      | Reached skill level 1 in Armour
   936 | D:2      | Learned a level 2 spell: Slow
   947 | D:2      | Found a sparkling altar of Nemelex Xobeh.
   955 | D:2      | Reached XP level 3. HP: 23/23 MP: 6/6
   982 | D:2      | Slain by an adder

Vault maps used:
D:1:      dpeg_arrival_boxorama
D:2:      grunt_temple_overflow_growth_and_decay, lemuel_crystal_altar

Action                   || total
-------------------------++-------
Melee: Unarmed           ||    20
 Fire: Shortbow          ||    50
 Stab: Sleeping          ||     1
